 Dungeon Crawl Stone Soup version 0.29-a0-520-gc852659d43 (webtiles) character file.

Game seed: 15794788012917701382

2497 pokeman the Thaumaturge (level 9, -1/48 HPs)
             Began as a Deep Elf Hedge Wizard on May 31, 2022.
             Was an Initiate of Vehumet.
             Slain by an orc
             ... wielding a +0 short sword
              (3 damage)
             ... on level 7 of the Dungeon on June 1, 2022.
             The game lasted 00:18:16 (8588 turns).

pokeman the Thaumaturge (Deep Elf Hedge Wizard)     Turns: 8588, Time: 00:18:17

Health: -1/48      AC:  6    Str:  7    XL:     9   Next: 28%
Magic:  17/26      EV: 12    Int: 24    God:    Vehumet [......]
Gold:   158        SH:  0    Dex: 14    Spells: 12/30 levels left

rFire   . . .      SeeInvis .   i - +2 dagger (venom)
rCold   . . .      Faith    .   (no shield)
rNeg    . . .      Spirit   .   j - +0 leather armour
rPois   .          Reflect  .   s - +0 helmet
rElec   .          Harm     .   H - +0 cloak
rCorr   .          Rampage  .   a - +0 pair of gloves
Will    +....                   (no boots)
Stlth   ++........              p - amulet of magic regeneration
HPRegen 0.16/turn               x - ring of wizardry
MPRegen 0.60/turn               A - ring of willpower

@: on blink cooldown, very slightly contaminated
A: no striking features
a: Renounce Religion


You were on level 7 of the Dungeon.
You worshipped Vehumet.
Vehumet was noncommittal.
You visited 2 branches of the dungeon, and saw 8 of its levels.
You also visited: Sewer.

You collected 261 gold pieces.
You spent 103 gold pieces at shops.

Inventory:

Hand Weapons
 i - a +2 dagger of venom (weapon)
Missiles
 G - a throwing net
Armour
 a - a +0 pair of gloves (worn)
 j - a +0 leather armour (worn)
 s - a +0 helmet (worn)
 u - a +1 robe of fire resistance
 H - a +0 cloak (worn)
Jewellery
 p - an amulet of magic regeneration (around neck)
 x - a ring of wizardry (left hand)
 z - a ring of resist corrosion
 A - a ring of willpower (right hand)
 C - a ring of protection from cold
Wands
 E - a wand of paralysis (11)
Scrolls
 b - 5 scrolls of teleportation
 e - 2 scrolls of immolation {unknown}
 h - 4 scrolls of blinking {unknown}
 l - 2 scrolls of poison {unknown}
 n - 6 scrolls of identify {unknown}
 t - 2 scrolls of fog {unknown}
 v - a scroll of vulnerability {unknown}
 y - 2 scrolls of amnesia {unknown}
 F - 2 scrolls of enchant armour {unknown}
Potions
 c - 2 potions of heal wounds
 d - 3 potions of magic
 f - 2 potions of cancellation {unknown}
 g - 2 potions of brilliance {unknown}
 k - 3 potions of invisibility {unknown}
 m - 4 potions of curing {unknown}
 o - 2 potions of attraction {unknown}
 q - 2 potions of degeneration {unknown}
 r - a potion of haste {unknown}
 w - 3 potions of flight {unknown}
 B - 3 potions of lignification {unknown}
 D - a potion of might {unknown}


   Skills:
 - Level 2.0 Fighting
 + Level 3.5 Armour
 - Level 3.0 Dodging
 - Level 3.2 Stealth
 * Level 11.2 Spellcasting
 + Level 6.2 Conjurations
 + Level 2.2 Summonings
 - Level 2.0 Necromancy
 - Level 1.1 Translocations
 - Level 4.3 Fire Magic
 - Level 1.0 Air Magic
 - Level 1.1 Poison Magic


You had 12 spell levels left.
You knew the following spells:

 Your Spells              Type           Power      Damage    Failure   Level
a - Magic Dart            Conj           100%       1d8       1%          1
b - Mephitic Cloud        Conj/Pois/Air  26%        N/A       2%          3
c - Call Imp              Summ           24%        N/A       1%          2
d - Blink                 Tloc           36%        N/A       2%          2
e - Conjure Flame         Conj/Fire      38%        6-21      1%          3
f - Haunt                 Necr/Summ      11%        N/A       100%        7

Your spell library contained the following spells:

 Spells                   Type           Power      Damage    Failure   Level
 Static Discharge         Conj/Air       30%        N/A       1%          2
 Slow                     Hex            52%        N/A       2%          1
 Sticky Flame             Conj/Fire      38%        2d6       3%          4
 Gell's Gravitas          Tloc           18%        N/A       5%          3
 Lesser Beckoning         Tloc           18%        N/A       5%          3
 Teleport Other           Tloc           18%        N/A       5%          3
 Animate Dead             Necr           23%        N/A       12%         4
 Dispel Undead            Necr           23%        3d12      12%         4
 Dispersal                Tloc           9%         N/A       92%         6
 Infestation              Necr           11%        N/A       100%        8


Dungeon Overview and Level Annotations

Branches:
Dungeon (7/15)             Temple (1/1) D:6           Sewer (visited)

Altars:
Cheibriados
Dithmenos
Elyvilon
Fedhas
Gozag
Hepliaklqana
Kikubaaqudgha
Makhleb
Nemelex Xobeh
Qazlal
Ru
Sif Muna
Trog
Uskayaw
Vehumet
Wu Jian
Xom
Yredelemnul
Zin
The Shining One

Shops:
D:4 !   D:5 *


Message History

Unknown command.
Casting: Mephitic Cloud (dangerous; 2% risk of failure)
Confirm with . or Enter, or press ? or * to list all spells.
Aiming: Mephitic Cloud (dangerous; 2% risk of failure)
Press: ? - help, Shift-Dir - straight line The ball explodes into a vile cloud!
The stinking cloud engulfs something but does no damage.
The stinking cloud engulfs the bullfrog but does no damage.
The bullfrog is heavily wounded.
You hear a shout! x6
The bullfrog hits you. x2; The orc throws a boomerang.
The boomerang hits you.
* * * LOW HITPOINT WARNING * * *
An orc comes into view.
It is wielding a +0 short sword and carrying a wand of flame (3).
Unknown command.
Unknown command.
You hit the bullfrog.
The bullfrog is poisoned.
The bullfrog is heavily wounded.
The bullfrog misses you.
Unknown command.
You hit something. The bullfrog barely misses you.
The bullfrog hits you but does no damage.
Something hits you.
* * * LOW HITPOINT WARNING * * *
Unknown command.
Casting: Mephitic Cloud (dangerous; 2% risk of failure)
Confirm with . or Enter, or press ? or * to list all spells.
You blink.
The orc zaps a wand.
The puff of flame hits you!
* * * LOW HITPOINT WARNING * * *
Unknown command.
The orc attacks as you move away! The orc hits you but does no damage.
Casting: Blink (safe; 2% risk of failure)
Confirm with . or Enter, or press ? or * to list all spells.
Aiming: Mephitic Cloud (dangerous; 2% risk of failure)
Press: ? - help, Shift-Dir - straight line The ball explodes into a vile cloud!
The stinking cloud engulfs the orc but does no damage. x2
You hear a shout! x2
The orc is engulfed in noxious fumes.
The orc appears confused.
The orc closely misses the bullfrog.
The orc hits you with a +0 short sword.
You die...

# ###............###..### #
#........#......##...##
###.......##......##....#
..#......##......##....###
#.<.....###..............#
)........................#
.)................o..○...#
.................☼☼o......#
................@§§F.°....#
.................o○.).....#
........................#..
......#................##.##
....###....................
..... #...............
#.............#.
..............#
........##...#


You could see a bullfrog (very poisoned) and 3 orcs.

Vanquished Creatures
  2 water moccasins
  Pargi (Sewer)
  2 black bears
  An ice beast (D:6)
  2 orc warriors
  A centaur (D:6)
  A phantom (D:5)
  2 necrophages
  2 scorpions
  4 wights (D:6)
  2 howler monkeys
  5 hounds
  6 orc priests
  4 iguanas
  Natasha (thrice) (D:3)
  10 orc wizards
  Robin (D:4)
  8 adders
  A shadow imp (D:5)
  A white imp (D:7)
  An ufetubus (D:4)
  3 worms
  3 dart slugs
  28 orcs
  8 endoplasms
  9 giant cockroaches
  13 goblins
  14 hobgoblins
  A jackal (D:1)
  10 kobolds
  9 quokkas
  13 ball pythons
  A bat (D:1)
  5 frilled lizards
  7 rats
184 creatures vanquished.

Vanquished Creatures (collateral kills)
  2 adders
  A hobgoblin (D:4)
  A quokka (D:5)
4 creatures vanquished.

Grand Total: 188 creatures vanquished

Notes
Turn   | Place    | Note
-------+----------+-------------------------------------------
     0 | D:1      | pokeman the Deep Elf Hedge Wizard began the quest for the
                  | Orb.
     0 | D:1      | Reached XP level 1. HP: 10/10 MP: 7/7
   160 | D:1      | Reached XP level 2. HP: 16/16 MP: 2/9
   569 | D:1      | Reached skill level 5 in Spellcasting
   739 | D:1      | Reached XP level 3. HP: 20/20 MP: 3/11
   743 | D:1      | Learned a level 3 spell: Mephitic Cloud
   746 | D:1      | Learned a level 2 spell: Call Imp
   749 | D:1      | Learned a level 2 spell: Blink
   753 | D:1      | Learned a level 3 spell: Conjure Flame
  1046 | D:2      | Found a faded altar of an unknown god.
  1359 | D:2      | Reached skill level 1 in Fighting
  1359 | D:2      | Reached skill level 1 in Armour
  1856 | D:2      | Reached XP level 4. HP: 25/25 MP: 9/13
  2455 | D:3      | Reached skill level 1 in Fire Magic
  2666 | D:3      | Noticed Natasha
  2680 | D:3      | Killed Natasha
  2681 | D:3      | Reached skill level 6 in Spellcasting
  2681 | D:3      | Reached XP level 5. HP: 28/29 MP: 9/15
  2970 | D:3      | Noticed Natasha
  2980 | D:3      | Killed Natasha
  3135 | D:3      | Noticed Natasha
  3144 | D:3      | Killed Natasha
  3145 | D:3      | Reached skill level 1 in Air Magic
  3189 | D:3      | Found a large runed translucent door.
  3190 | D:3      | Found a large runed translucent door.
  3461 | D:3      | Found a shimmering blue altar of Sif Muna.
  3464 | D:3      | Found a burning altar of Makhleb.
  3480 | D:4      | Noticed Robin
  3523 | D:4      | Found a glowing drain.
  3532 | Sewer    | Entered a sewer
  3639 | Sewer    | Noticed Pargi
  3648 | Sewer    | Killed Pargi
  3649 | Sewer    | Reached skill level 1 in Poison Magic
  3649 | Sewer    | Reached XP level 6. HP: 24/34 MP: 13/17
  3857 | D:4      | Killed Robin
  4104 | D:4      | Found Yfeosche's Distillery.
  4113 | D:4      | Bought a potion of heal wounds for 70 gold pieces
  4203 | D:4      | Reached skill level 7 in Spellcasting
  4422 | D:4      | Reached XP level 7. HP: 31/39 MP: 13/20
  4694 | D:4      | Found an opulent altar of Gozag.
  4792 | D:4      | Found an ornate altar of the Wu Jian Council.
  4903 | D:4      | Found a white marble altar of Elyvilon.
  4992 | D:5      | Entered Level 5 of the Dungeon
  4997 | D:5      | Found a hide-covered altar of Uskayaw.
  5010 | D:5      | Reached skill level 8 in Spellcasting
  5154 | D:5      | Found a snail-covered altar of Cheibriados.
  5154 | D:5      | Found a hazy altar of Hepliaklqana.
  5162 | D:5      | Found a shimmering altar of Xom.
  5164 | D:5      | Found a stormy altar of Qazlal.
  5166 | D:5      | Found a glowing golden altar of the Shining One.
  5836 | D:5      | Reached skill level 9 in Spellcasting
  5836 | D:5      | Reached XP level 8. HP: 44/44 MP: 23/23
  5857 | D:5      | Found Tlog's Tempting Trifles.
  5863 | D:5      | Bought a scroll of teleportation for 33 gold pieces
  6033 | D:5      | Learned a level 7 spell: Haunt
  6307 | D:5      | Reached skill level 5 in Conjurations
  6763 | D:6      | Reached skill level 10 in Spellcasting
  7027 | D:6      | Reached skill level 1 in Necromancy
  7458 | D:6      | Reached XP level 9. HP: 20/48 MP: 25/25
  7863 | D:6      | Reached skill level 11 in Spellcasting
  8161 | D:6      | Found a staircase to the Ecumenical Temple.
  8178 | Temple   | Entered the Ecumenical Temple
  8216 | Temple   | Became a worshipper of Vehumet
  8586 | D:7      | HP: 2/48 [orc/puff of flame (12)]
  8588 | D:7      | Slain by an orc

Illustrated notes

Levels and vault maps discovered:
D:1:      heliophobic_arrival_dark_side_of_the_moon, layout_rooms
D:2:      layout_basic, nicolae_ecumenical_pavilion
D:3:      layout_basic, jmf_multi_god_temple2, minmay_misc_feat_plants,
          moated_statue, minmay_misc_feat_doors, uniq_natasha
D:4:      layout_loops_ring, kennysheep_mini_moat, mainiacjoe_overflow_paths,
          mainiacjoe_overflow_concentric_impassable, portal_sewer_entry_f,
          nicolae_stop_n_shop_2, hex_medium, minmay_fractal_squares_5,
          uniq_robin
D:5:      layout_rooms, mainiacjoe_overflow_small_starburst,
          chequers_temple_overflow_minitemple, grunt_ministairs_11,
          minmay_curled_crystal, chequers_mini_garden, nicolae_alphabet_shops,
          minmay_misc_feat_cross, minmay_increasing_density
D:6:      layout_loops_corners, minmay_temple_entry_nine_rooms
D:7:      layout_cave_pools
Temple:   compressed_dpeg_circular_temple

Skill      XL: |  1  2  3  4  5  6  7  8  9 |
---------------+----------------------------+-----
Spellcasting   | 5 6 7 9 10 11 | 11.2
Fighting       | 1 2 |  2.0
Armour         | 1 3 |  3.5
Conjurations   | 2 3 4 5 6 |  6.2
Fire Magic     | 1 2 3 4 |  4.3
Dodging        | 3 |  3.0
Air Magic      | 1 |  1.0
Stealth        | 3 |  3.2
Poison Magic   | 1 |  1.1
Necromancy     | 2 |  2.0
Summonings     | 2 |  2.2
Translocations | |  1.1

Action                   |  1- 3 |  4- 6 |  7- 9 || total
-------------------------+-------+-------+-------++-------
Melee: Dagger            |    13 |    97 |   120 ||   230
       Punch             |       |     2 |     5 ||     7
 Cast: Magic Dart        |   111 |    81 |   159 ||   351
       Call Imp          |       |     4 |     3 ||     7
       Mephitic Cloud    |       |     3 |    27 ||    30
       Conjure Flame     |       |     2 |    14 ||    16
       Blink             |       |       |     2 ||     2
 Stab: Sleeping          |       |     3 |       ||     3
       Confused          |       |     3 |    14 ||    17
Armor: Robe              |     6 |       |       ||     6
       Leather armour    |       |    33 |    42 ||    75
Dodge: Dodged            |    17 |    66 |    64 ||   147

Table legend: (Time is in decaauts)
 A = Elapsed time spent in this place.
 B = Non-inter-level travel time spent in this place.
 C = Inter-level travel time spent in this place.
 D = Time resting spent in this place.
 E = Time spent auto-exploring this place.
 F = Levels seen in this place.
 G = Mean time per level.
                   A        B        C        D        E       F      G
               +--------+--------+--------+--------+--------+-----+--------+
         Total |   8610 |   8404 |    206 |    499 |   6434 |   9 |  956.7 |
       Dungeon |   8260 |   8080 |    180 |    499 |   6172 |   7 | 1180.0 |
        Temple |     65 |     39 |     26 |      0 |     26 |   1 |   65.0 |
         Sewer |    284 |    284 |      0 |      0 |    236 |   1 |  284.0 |
               +--------+--------+--------+--------+--------+-----+--------+

Top non-repeatable levels by time:
     D:5: 1706 daAuts
     D:6: 1540 daAuts
     D:2: 1271 daAuts
     D:4: 1230 daAuts
     D:3: 1180 daAuts
     D:1: 1045 daAuts
   Sewer: 284 daAuts
     D:7: 284 daAuts
  Temple: 65 daAuts
